Map: Whitewater Line LE

Players

Throwfordays - Winner!

  • Race: Terran Terran
  • Spawn Location: 7:00

Breakfast - Winner!

  • Race: Terran Terran
  • Spawn Location: 6:00

Faust - Winner!

  • Race: Terran Terran
  • League: Diamond
  • Spawn Location: 7:00

VOD

Have the link to the VOD?

Description

Time

  • Played on: Oct. 8, 2020, 6:32 p.m.
  • Length: 13:17
Show
View Real Time Build Order
Export as new Build Order

Throwfordays Terran - Winner!

Build Orders:  

Get SALT Encoding   

  12  0:02  SCV  
  13  0:20  Supply Depot  
  13  0:33  SCV  
  14  0:50  SCV  
  15  1:07  SCV  
  16  1:24  SCV  
  17  1:33  Barracks  
  17  1:36  Barracks  
  17  1:41  SCV  
  17  1:49  Supply Depot  
  18  1:58  SCV  
  19  2:15  SCV  
  20  2:21  Supply Depot  
  20  2:35  Refinery  
  20  2:36  SCV  
  20  2:38  Refinery  
  21  2:42  Marine  
  21  2:43  Marine  
  21  2:48  Barracks  
  23  3:07  Marine  
  23  3:08  Marine  
  25  3:29  Engineering Bay  
  25  3:32  Marine, SCV  
  25  3:33  Marine  
  28  3:49  SCV  
  29  3:54  Marine  
  29  3:57  Marine  
  29  3:58  Marine  
  32  4:20  Barracks  
  32  4:22  Marine  
  32  4:25  Marine  
  32  4:28  Marine  
  30  5:04  Marine  
  30  5:05  Marine x2  
  26  5:26  Marine  
  26  5:29  Marine x2  
  28  5:40  Marine  
  27  5:52  Bunker  
  27  6:11  Barracks Tech Lab  
  27  6:12  Barracks Reactor x2  
  27  6:26  Barracks Reactor  
  27  6:41  Marine  
  27  6:49  Unknown  
  28  7:09  Marine  
  30  7:11  Marine  
  30  7:12  Marine x2  
  32  7:22  Marauder  
  34  7:34  Marine  
  34  7:36  Marine, Orbital Command  
  34  7:37  Marine x2  
  38  7:49  Marine  
  39  7:51  Marine  
  39  7:59  Marine  
  39  8:10  Supply Depot  
  39  8:21  Marine  
  39  8:23  Marine  
  39  8:40  Marine x4, Marauder  
  39  8:45  Marine  
  46  8:56  Supply Depot, Unknown  
  46  8:57  Supply Depot  
  44  9:05  Marine  
  44  9:10  Marauder  
  44  9:17  Marine x2  
  47  9:20  Marine  
  47  9:26  Marine x2  
  49  9:30  Marine  
  50  9:42  Marine x2  
  50  9:45  Marine  
  50  9:49  Unknown  
  53  9:51  Marine x2  
  53  9:54  Marine  
  56  10:07  Marine x2  
  56  10:28  Unknown  
  53  11:24  Unknown  
  41  11:31  Unknown  
  39  12:37  Marine x4  
  39  12:38  Marine x3, Command Center  
Show
View Real Time Build Order
Export as new Build Order

Breakfast Terran - Winner!

Build Orders:  

Get SALT Encoding   

  12  0:02  SCV  
  13  0:19  SCV  
  14  0:36  SCV  
  14  0:37  Supply Depot  
  15  1:01  Supply Depot  
  15  1:17  SCV  
  16  1:29  Barracks  
  16  1:35  SCV  
  17  1:49  Barracks  
  17  1:52  SCV  
  18  2:09  SCV  
  19  2:26  SCV  
  20  2:37  Marine  
  21  2:47  Supply Depot  
  21  2:52  SCV  
  22  3:02  Marine  
  23  3:15  Orbital Command  
  23  3:20  Refinery  
  23  3:31  Refinery  
  23  3:49  Supply Depot x2  
  23  4:09  SCV  
  24  4:16  Marine x2  
  26  4:26  SCV  
  27  4:41  Marine x2, Factory  
  27  4:43  SCV  
  27  4:44  Engineering Bay  
  30  5:16  Command Center  
  30  5:17  Marine  
  30  5:18  Marine  
  32  5:27  Terran Infantry Weapons Level 1  
  32  5:42  Engineering Bay  
  32  5:48  Hellion  
  34  6:05  Bunker  
  34  6:17  Hellion  
  36  6:22  Barracks Tech Lab  
  36  6:24  Barracks Tech Lab  
  36  6:47  Hellion  
  38  7:01  Missile Turret  
  38  7:03  Terran Infantry Armor Level 1  
  38  7:05  Stimpack  
  38  7:17  Hellion  
  40  7:31  Missile Turret  
  40  7:32  Marauder x2  
  40  7:37  Concussive Shells  
  44  7:56  Armory, Hellion  
  46  8:30  Factory Tech Lab  
  40  9:31  Marine x2  
  42  9:42  Orbital Command  
  42  9:46  SCV  
  43  9:55  Terran Infantry Weapons Level 2, Unknown  
  43  9:56  Marine x2, Terran Infantry Armor Level 2  
  45  10:03  SCV  
  46  10:20  Marine x2, SCV  
  49  10:36  SCV  
  50  10:40  SCV  
  50  10:45  Marine x2  
  53  10:53  SCV  
  53  10:57  SCV  
  55  11:10  Marine x2, SCV  
  55  11:14  SCV  
  59  11:27  SCV  
  60  11:31  SCV  
  60  11:35  Marine x2  
  63  11:43  Refinery  
  63  11:44  SCV  
  63  11:47  Refinery  
  63  11:48  SCV  
  65  12:00  Marine x2  
  65  12:05  SCV  
  68  12:22  SCV  
  68  12:25  Marine  
  70  12:40  Marine  
Show
View Real Time Build Order
Export as new Build Order

Faust Terran - Winner!

Build Orders:  

Get SALT Encoding   

  12  0:01  SCV  
  13  0:17  SCV  
  14  0:25  Supply Depot  
  14  0:36  SCV  
  15  0:55  SCV  
  16  1:10  Refinery  
  16  1:12  SCV  
  17  1:29  SCV  
  18  1:46  Command Center  
  18  2:34  Barracks  
  18  2:35  SCV  
  19  2:42  Refinery  
  19  2:52  SCV  
  20  3:09  SCV  
  21  3:41  Orbital Command  
  21  3:44  Orbital Command  
  21  3:50  Refinery  
  21  3:53  Marine, Factory  
  22  4:19  Marine  
  23  4:20  SCV  
  23  4:21  SCV  
  25  4:49  Ghost Academy  
  25  4:54  Armory  
  25  4:57  SCV x2  
  27  5:04  Marine  
  28  5:10  Factory Tech Lab  
  25  5:41  Marine  
  26  5:51  SCV  
  26  5:52  SCV  
  28  6:00  Thor  
  34  6:16  Factory  
  34  6:29  SCV  
  40  6:30  SCV  
  35  6:32  Terran Vehicle And Ship Armor Level 1  
  35  6:39  Barracks Tech Lab  
  36  6:46  SCV x2  
  38  6:59  Infernal Pre-Igniter  
  38  7:09  Supply Depot  
  38  7:11  Supply Depot  
  38  7:31  Supply Depot  
  38  7:39  SCV x2, Ghost  
  42  7:41  Thor  
  48  7:56  SCV x2  
  49  8:13  SCV x2  
  49  8:18  Factory Reactor  
  50  8:30  SCV  
  50  8:41  Thor, SCV  
  50  8:47  SCV  
  58  9:11  Hellion x2  
  62  9:29  Supply Depot, Unknown  
  62  9:33  Supply Depot  
  62  9:50  Terran Vehicle And Ship Armor Level 2  
  62  9:59  Thor, SCV x2  
  70  10:03  Hellion x2  
  74  10:29  SCV  
  75  10:30  SCV  
  76  11:05  SCV  
  76  11:06  SCV  
  78  11:12  Supply Depot  
  78  11:13  Supply Depot  
  78  11:19  Command Center  
  78  11:30  Command Center  
  78  11:42  Thor, SCV x2  
  86  11:54  Hellion x2  
  86  11:59  SCV  
  91  12:24  Hellion, Unknown  
  91  12:27  SCV  
  94  12:35  Supply Depot  
  94  12:36  Supply Depot  
  94  12:42  Supply Depot  
  94  12:53  Unknown  
  94  12:56  Factory  
  94  12:58  Ghost Academy, Factory  
  94  12:59  SCV  
  105  13:07  Unknown  
Tags
 
Add a new tag
Caveats
  • Supply blocks, unpowered buildings, or Contaminate may cause inaccurate times.
  • Supply counts are checked every 10 seconds.